 Dungeon Crawl Stone Soup version 0.28-a0-980-g3664467d6e (webtiles) character file.

Game seed: 13954721149270010683

81 Peloso the Covered (level 4, -2/41 HPs)
             Began as a Minotaur Fighter on Dec 2, 2021.
             Slain by an orc (7 damage)
             ... on level 3 of the Dungeon.
             The game lasted 00:02:05 (1557 turns).

Peloso the Covered (Minotaur Fighter)               Turns: 1557, Time: 00:02:06

Health: -2/41      AC:  7    Str: 20    XL:     4   Next: 19%
Magic:  3/3        EV:  9    Int:  5    God:
Gold:   116        SH:  5    Dex: 12    Spells: 3/3 levels left

rFire   . . .      SeeInvis .   a - +0 long sword
rCold   . . .      Faith    .   c - +0 buckler
rNeg    . . .      Spirit   .   b - +0 scale mail
rPois   .          Reflect  .   (helmet restricted)
rElec   .          Harm     .   (no cloak)
rCorr   .          Rampage  .   (no gloves)
Will    .....                   (no boots)
Stlth   ..........              (no amulet)
HPRegen 0.13/turn               (no ring)
MPRegen 0.08/turn               (no ring)

@: no status effects
A: horns 2, retaliatory headbutt
a: no special abilities


You were on level 3 of the Dungeon.
You visited 1 branch of the dungeon, and saw 3 of its levels.

You collected 116 gold pieces.

Inventory:

Hand Weapons
 a - a +0 long sword (weapon)
Armour
 b - a +0 scale mail (worn)
 c - a +0 buckler (worn)
Scrolls
 e - a scroll of blinking {unknown}
 f - a scroll of identify {unknown}
Potions
 d - a potion of might
 g - a potion of brilliance {unknown}
 h - a potion of mutation {unknown}


   Skills:
 + Level 4.3 Fighting
 + Level 3.4 Long Blades
 + Level 4.5 Armour
 + Level 4.2 Shields


You had 3 spell levels left.
You didn't know any spells.
Your spell library contained the following spells:

 Spells                   Type           Power      Damage    Failure   Level
 Olgreb's Toxic Radiance  Pois           0%         N/A       100%        4
 Ozocubu's Refrigeration  Ice            0%         4d5       100%        7
 Ignition                 Fire           0%         3d3       100%        8


Dungeon Overview and Level Annotations

Branches:
Dungeon (3/15)

Altars:
Ru


Innate Abilities, Weirdness & Mutations

You have a pair of horns on your head.
You reflexively headbutt those who attack you in melee.


Message History

You completely miss the orc priest. Your headbutt misses the orc priest.
The orc priest is lightly wounded.
The orc priest hits you but does no damage.
You closely miss the orc priest.
The orc priest is lightly wounded.
The orc priest barely misses you. The orc priest closely misses you.
You closely miss the orc priest. Your headbutt misses the orc priest.
The orc priest is lightly wounded.
The orc priest hits you with a +0 mace.
You hit the orc priest. Your headbutt misses the orc priest.
The orc priest is heavily wounded.
The orc priest hits you with a +0 mace.
You closely miss the orc priest. You headbutt the orc priest!
The orc priest is almost dead.
The orc priest looks satisfied for a moment.
You closely miss the orc priest.
The orc priest is almost dead.
The orc priest hits you but does no damage.
The orc priest calls down the wrath of Beogh upon you.
Pain shoots through your body!
* * * LOW HITPOINT WARNING * * *
You closely miss the orc priest. Your headbutt misses the orc priest.
The orc priest is almost dead.
You block the orc priest's attack.
You hit the orc priest.
You kill the orc priest!
You block the orc's attack.
You have reached level 4!
You feel agile.
You closely miss the orc. The orc hits you but does no damage.
You hit the orc. You headbutt the orc.
The orc is almost dead.
The orc hits you but does no damage.
You barely miss the orc. Your headbutt misses the orc.
The orc is almost dead.
You block the orc's attack.
You barely miss the orc.
The orc is almost dead.
The orc hits you with a +0 flail!
You die...

#.#######
#.....#<#######
...........o@>#
#####.#..####.#
#.#...# #.# #
##o.# #.. #o.#
#### #..# #..#
...o ..###


You could see an orc.

Vanquished Creatures
  An orc priest (D:3)
  An adder (D:2)
  A worm (D:2)
  2 dart slugs (D:1)
  An orc (D:3)
  4 endoplasms
  A giant cockroach (D:2)
  3 goblins (D:1)
  A hobgoblin (D:2)
  3 jackals (D:1)
  A kobold (D:1)
  3 quokkas
  6 ball pythons
  2 bats
  A frilled lizard (D:2)
  A rat (D:1)
32 creatures vanquished.

Notes
Turn   | Place    | Note
-------+----------+-------------------------------------------
     0 | D:1      | Peloso the Minotaur Fighter began the quest for the Orb.
     0 | D:1      | Reached XP level 1. HP: 19/19 MP: 0/0
   275 | D:1      | Reached XP level 2. HP: 23/27 MP: 1/1
   670 | D:1      | Found a faded altar of an unknown god.
   952 | D:2      | Found a sacrificial altar of Ru.
   990 | D:2      | Reached XP level 3. HP: 33/33 MP: 2/2
  1554 | D:3      | Reached XP level 4. HP: 4/41 MP: 3/3
  1557 | D:3      | Slain by an orc

Illustrated notes

Levels and vault maps discovered:
D:1:      sevenhm_arrival_forest_fort_large_2, layout_basic,
          hellmonk_ecumenical_altar_dog_temple, minmay_cut_off
D:2:      layout_basic, basic_altar
D:3:      layout_basic, nicolae_tso_carved_into_rock, corexii_corridor_pit,
          uniq_jessica

Skill      XL: |  1  2  3 |
---------------+----------+-----
Fighting       | 4 |  4.3
Armour         | 4 |  4.5
Shields        | 4 |  4.2
Long Blades    | 3 |  3.4

Action                   |  1- 3 |  4- 6 || total
-------------------------+-------+-------++-------
Melee: Long sword        |    70 |     4 ||    74
       Headbutt          |     8 |     1 ||     9
  Use: Potion            |     1 |       ||     1
Armor: Scale mail        |    32 |     2 ||    34
Dodge: Dodged            |    26 |       ||    26
Block: Buckler           |    16 |     1 ||    17

Table legend: (Time is in decaauts)
 A = Elapsed time spent in this place.
 B = Non-inter-level travel time spent in this place.
 C = Inter-level travel time spent in this place.
 D = Time resting spent in this place.
 E = Time spent auto-exploring this place.
 F = Levels seen in this place.
 G = Mean time per level.
                   A        B        C        D        E       F      G
               +--------+--------+--------+--------+--------+-----+--------+
         Total |   1576 |   1518 |     58 |      0 |   1294 |   3 |  525.3 |
       Dungeon |   1576 |   1518 |     58 |      0 |   1294 |   3 |  525.3 |
               +--------+--------+--------+--------+--------+-----+--------+

Top non-repeatable levels by time:
     D:1: 834 daAuts
     D:2: 707 daAuts
     D:3: 34 daAuts
